 Dungeon Sprint DCSS version 0.31.0-9-g3a7656b989 (webtiles) character file.

Game seed: 5953005616608672041

6057 Heoruswealwe the Impaler (level 10, -4/106 HPs)
             Began as a Minotaur Fighter on Feb 6, 2024.
             Was an Initiate of Gozag.
             Slain by a tyrant leech (6 damage)
             ... in the Dungeon (Sprint IX: "|||||||||||||||||||||||||||||").
             The game lasted 00:04:21 (585 turns).

Heoruswealwe the Impaler (Minotaur Fighter)          Turns: 585, Time: 00:04:21

Health: -4/106     AC: 23    Str: 28    XL:     10   Next: 57%
Magic:  9/9        EV:  9    Int:  5    God:    Gozag
Gold:   2654       SH:  0    Dex: 10    Spells: 9/9 levels left

rFire   . . .        b - +2 halberd (protect)
rCold   . . .        (shield currently unavailable)
rNeg    . . .        c - +1 chain mail
rPois   .            (helmet restricted)
rElec   .            (no cloak)
rCorr   .            f - +0 pair of gloves
SInv    .            (no boots)
Will    .....        (no amulet) Stlth
                     k - +3 ring of strength
HPRegen 0.37/turn    (no ring)
MPRegen 0.11/turn

%: no teleportation
@: gold aura, under a protective aura
A: horns 2, retaliatory headbutt
a: Renounce Religion, Potion Petition, Call Merchant, Bribe Branch


You were in the Dungeon.
You worshipped Gozag.
Gozag was most pleased with you.
You visited 1 branch You collected 2654 gold pieces.

Inventory:

Hand Weapons
 a - a +0 trident
 b - a +2 halberd of protection (weapon)
Armour
 c - a +1 chain mail (worn)
 d - a +0 buckler
 f - a +0 pair of gloves (worn)
Jewellery
 k - a +3 ring of strength (left hand)
Wands
 h - a wand of light (10)
Scrolls
 j - 2 scrolls of blinking
 n - a scroll of fog
 o - 2 scrolls of enchant armour
 p - 2 scrolls of identify
 q - 2 scrolls of enchant weapon
Potions
 e - 3 potions of curing
 g - 2 potions of haste
 i - a potion of resistance
 l - 2 potions of heal wounds
 m - 3 potions of might


   Skills:
 + Level 15.5 Fighting
 * Level 20.9 Polearms
 + Level 15.5 Armour
 - Level 3.6 Shields


You had 9 spell levels left.
You didn't know any spells.
Your spell library contained the following spells:

 Spells                   Type           Power      Damage    Failure   Level
 Haunt                    Necr/Summ      0%         N/A       100%        7
 Borgnjor's Revivificati  Necr           0%         N/A       100%        8
 Death's Door             Necr           0%         N/A       100%        9


Dungeon Overview and Level Annotations

Branches:
Dungeon (1/1)

Altars:
Cheibriados
Dithmenos
Elyvilon
Fedhas
Gozag
Hepliaklqana
Kikubaaqudgha
Makhleb
Nemelex Xobeh
Okawaru
Qazlal
Ru
Sif Muna
Trog
Uskayaw
Vehumet
Wu Jian
Xom
Yredelemnul
Zin
The Shining One
Jiyva
Lugonu


Innate Abilities, Weirdness & Mutations

You have a pair of horns on your head.
You reflexively headbutt those who attack you in melee.


Message History

The blink frog blinks!
You slice the tyrant leech!!
The tyrant leech is heavily wounded.
The tyrant leech bites you!
* * * LOW HITPOINT WARNING * * *
The tyrant leech draws strength from your injuries!
Unknown command.
You impale the tyrant leech!! You headbutt the tyrant leech.
The tyrant leech is almost dead.
The blink frog blinks!
You slash the tyrant leech!
You kill the tyrant leech!
The cane toad is distracted by your dazzling golden aura.
The vampire mosquito barely misses you.
You completely miss the vampire mosquito.
The vampire mosquito is almost destroyed.
The vampire mosquito bites you but does no damage.
You miss the vampire mosquito.
The cane toad gives a loud, deep croak!
Your headbutt misses the vampire mosquito.
The vampire mosquito is almost destroyed.
The vampire mosquito bites you but does no damage.
You slice the vampire mosquito!!
You destroy the vampire mosquito!
The blink frog blinks!
The vampire mosquito is distracted by your dazzling golden aura.
There is an open door to Lair:5 here.
You see here 171 gold pieces.
You closely miss the tyrant leech.
The vampire mosquito buzzes angrily.
You headbutt the tyrant leech, but do no damage.
The tyrant leech bites you!
* * * LOW HITPOINT WARNING * * *
The tyrant leech draws strength from your injuries!
You slice the tyrant leech!! You headbutt the tyrant leech!
The tyrant leech is severely wounded.
The cane toad is no longer distracted by gold.
The tyrant leech bites you.
You die...
Your body crumbles into a pile of gold.

▓▓▓▓▓▓▓▓▓▓▓▓▓▓▓▓▓▓▓▓▓▓▓▓
..yy.Fw@.........'......
▓▓▓▓▓▓▓▓▓▓▓▓▓▓▓▓▓▓▓▓▓▓▓▓▓▓▓▓▓▓▓▓▓
.................................
▓▓▓▓▓▓▓▓▓▓▓▓▓▓▓▓▓▓▓▓▓▓▓▓▓▓▓▓▓▓▓▓▓
......)...=[[)?!'________________
▓▓▓▓▓▓▓▓▓▓▓▓▓▓▓▓▓▓▓▓▓▓▓▓▓▓▓▓▓▓▓▓▓


You could see a tyrant leech, a cane toad and 2 vampire mosquitoes.

Vanquished Creatures
  A hydra (D)
  2 boulder beetles (D)
  An ugly thing (D)
  3 cane toads (D)
  A rime drake (D)
  A tyrant leech (D)
  A troll (D)
  A hornet (D)
  A dream sheep (D)
  A wraith (D)
  3 yaks (D)
  A wyvern (D)
  A vampire mosquito (D)
  An acid dragon (D)
  6 water moccasins (D)
  A kobold brigand (D)
  2 bullfrogs (D)
  A killer bee (D)
  A howler monkey (D)
  2 sleepcaps (D)
  An iguana (D)
  2 orc wizards (D)
  A gnoll (D)
  A dart slug (D)
  An orc (D)
  A hobgoblin (D)
  A quokka (D)
  2 rats (D)
42 creatures vanquished.

Notes
Turn   | Place    | Note
-------+----------+-------------------------------------------
     0 | D        | Heoruswealwe the Minotaur Fighter began the quest for the
                  | Orb.
     0 | D        | Reached XP level 1. HP: 19/19 MP: 0/0
    11 | D        | Reached skill level 3 in Polearms
    24 | D        | Reached skill level 4 in Polearms
    28 | D        | Noticed an iguana
    28 | D        | Noticed a sleepcap
    28 | D        | Noticed a sleepcap
    39 | D        | Killed a sleepcap
    40 | D        | Reached skill level 5 in Fighting
    40 | D        | Reached skill level 5 in Polearms
    40 | D        | Reached skill level 5 in Armour
    40 | D        | Reached XP level 2. HP: 29/29 MP: 1/1
    40 | D        | Reached XP level 3. HP: 36/36 MP: 2/2
    47 | D        | Reached skill level 6 in Polearms
    52 | D        | Reached skill level 7 in Polearms
    52 | D        | Reached XP level 4. HP: 24/44 MP: 3/3
    62 | D        | Found a snail-covered altar of Cheibriados.
    62 | D        | Found a shadowy altar of Dithmenos.
    62 | D        | Found a white marble altar of Elyvilon.
    62 | D        | Found a blossoming altar of Fedhas.
    62 | D        | Found an opulent altar of Gozag.
    63 | D        | Found a hazy altar of Hepliaklqana.
    64 | D        | Found a viscous altar of Jiyva.
    65 | D        | Found an ancient bone altar of Kikubaaqudgha.
    66 | D        | Found a corrupted altar of Lugonu.
    67 | D        | Found a burning altar of Makhleb.
    68 | D        | Found a sparkling altar of Nemelex Xobeh.
    69 | D        | Found an iron altar of Okawaru.
    70 | D        | Became a worshipper of Gozag Ym Sagoz the Greedy
    71 | D        | Found a stormy altar of Qazlal.
    72 | D        | Found a sacrificial altar of Ru.
    73 | D        | Found a shimmering blue altar of Sif Muna.
    74 | D        | Found a bloodstained altar of Trog.
    75 | D        | Found a hide-covered altar of Uskayaw.
    76 | D        | Found a radiant altar of Vehumet.
    77 | D        | Found an ornate altar of the Wu Jian Council.
    78 | D        | Found a shimmering altar of Xom.
    79 | D        | Found a basalt altar of Yredelemnul.
    80 | D        | Found a glowing silver altar of Zin.
    81 | D        | Found a glowing golden altar of the Shining One.
   140 | D        | Noticed a kobold brigand
   140 | D        | Noticed a wraith
   140 | D        | Noticed a hornet
   141 | D        | Paralysed by a hornet for 1 turns
   146 | D        | Paralysed by a hornet for 2 turns
   149 | D        | Killed a hornet
   150 | D        | Reached skill level 10 in Polearms
   150 | D        | Reached XP level 5. HP: 28/56 MP: 4/4
   150 | D        | Reached XP level 6. HP: 31/62 MP: 5/5
   157 | D        | Reached skill level 11 in Polearms
   161 | D        | Killed a wraith
   162 | D        | Reached skill level 12 in Polearms
   171 | D        | Reached skill level 13 in Polearms
   171 | D        | Reached XP level 7. HP: 29/71 MP: 6/6
   175 | D        | Reached skill level 10 in Fighting
   175 | D        | Reached skill level 10 in Armour
   303 | D        | Noticed a boulder beetle
   303 | D        | Noticed a seven-headed hydra
   303 | D        | Noticed a troll
   303 | D        | Noticed a cyan ugly thing
   314 | D        | Killed a cyan ugly thing
   315 | D        | Reached skill level 14 in Polearms
   317 | D        | Killed a nine-headed hydra
   318 | D        | Reached skill level 16 in Polearms
   318 | D        | Reached XP level 8. HP: 35/83 MP: 7/7
   326 | D        | Killed a troll
   334 | D        | Killed a boulder beetle
   335 | D        | Reached skill level 17 in Polearms
   335 | D        | Reached XP level 9. HP: 25/93 MP: 8/8
   454 | D        | Noticed a boulder beetle
   460 | D        | Reached skill level 18 in Polearms
   461 | D        | Noticed a cane toad
   481 | D        | Killed a cane toad
   493 | D        | Reached skill level 19 in Polearms
   502 | D        | Killed a boulder beetle
   503 | D        | Reached XP level 10. HP: 55/104 MP: 9/9
   516 | D        | Noticed a cane toad
   530 | D        | Noticed a cane toad
   536 | D        | Reached skill level 20 in Polearms
   539 | D        | Killed a cane toad
   540 | D        | Reached skill level 15 in Fighting
   540 | D        | Reached skill level 15 in Armour
   549 | D        | Killed a cane toad
   571 | D        | Noticed a cane toad
   584 | D        | HP: 2/106 [tyrant leech (10)]
   585 | D        | Slain by a tyrant leech

Illustrated notes

Levels and vault maps discovered:
D:        linesprint [early_d, line_temple, items_1, d_10, items_2, lair_1,
          lair_end, items_3, orc_1, orc_end, items_4, d_15, swamp_1, shoals_1,
          snake_1, spider_1, d_20, vaults_1, items_5, swamp_end, shoals_end,
          snake_end, spider_end, vaults_end, d_27, items_6, zot_1, zot_end,
          crypt_end, forest_end, elf_end, slime_end, tomb_end, abyss_end,
          pan_hell_end]

Skill      XL: |  1  2  3  4  5  6  7  8  9 10 |
---------------+-------------------------------+-----
Fighting       | 5 8 9 12 13 14 15 | 15.5
Polearms       | 5 7 10 13 16 17 19 20 | 20.9
Armour         | 5 8 9 12 13 14 15 | 15.5
Shields        | |  3.6

Action                     |  1- 3 |  4- 6 |  7- 9 | 10-12 || total
---------------------------+-------+-------+-------+-------++-------
  Melee: Trident           |    38 |     4 |       |       ||    42
         Headbutt          |     3 |     3 |    18 |    11 ||    35
         Halberd           |       |    21 |    63 |    45 ||   129
    Use: Potion            |     1 |     3 |     1 |       ||     5
   Stab: Distracted        |       |     1 |       |       ||     1
 Armour: Scale mail        |    20 |     2 |       |       ||    22
         Chain mail        |       |    30 |    44 |    27 ||   101
  Dodge: Dodged            |    15 |    11 |    16 |     5 ||    47
  Block: Buckler           |     4 |       |       |       ||     4
